 Dungeon Crawl Stone Soup version 0.22-a0-135-g6f012ad (webtiles) character file.

11 Klosterheim the Charmwright (level 2, 0/23 HPs)
             Began as a Merfolk Skald on Jan 31, 2018.
             Slain by a hobgoblin
             ... wielding a +0 club
              (5 damage)
             ... on level 1 of the Dungeon.
             The game lasted 00:01:07 (368 turns).

Klosterheim the Charmwright (Merfolk Skald)          Turns: 368, Time: 00:01:08

Health: 0/23       AC:  3    Str: 11    XL:     2   Next: 25%
Magic:  5/5        EV: 12    Int: 12    God:
Gold:   65         SH:  0    Dex: 13    Spells: 4/5 levels left

rFire    . . .     SeeInvis .   a - +0 spear
rCold    . . .     Gourm    .   (no shield)
rNeg     . . .     Faith    .   b - +0 leather armour
rPois    .         Spirit   .   (no helmet)
rElec    .         Reflect  .   (no cloak)
rCorr    .         Harm     .   (no gloves)
MR       .....                  (no boots)
Stlth    +.........             (no amulet)
HPRegen  0.07/turn              (no ring)
MPRegen  0.09/turn              (no ring)

@: no status effects
A: change form in water, swift swim, stealthy swim
a: no special abilities


You were on level 1 of the Dungeon.
You were not hungry.

You visited 1 branch of the dungeon, and saw 1 of its levels.

You collected 65 gold pieces.

Inventory:

Hand Weapons
 a - a +0 spear (weapon)
Armour
 b - a +0 leather armour (worn)
Jewellery
 e - an uncursed amulet of regeneration {unknown}
Potions
 f - 2 potions of curing {unknown}
Books
 c - a book of Battle

   Spells                             Type                      Level
   a - Infusion                       Charms                       1
   b - Shroud of Golubria             Charms/Translocation         2
   c - Song of Slaying                Charms                       2
   d - Spectral Weapon                Hexes/Charms                 3
   e - Regeneration                   Charms/Necromancy            3
Comestibles
 d - a ration


   Skills:
 + Level 2.3 Fighting
 * Level 3.5 Polearms
 - Level 0.6 Armour
 - Level 2.6 Dodging
 + Level 2.1 Spellcasting
 * Level 3.5 Charms


You had 4 spell levels left.
You knew the following spells:

 Your Spells              Type           Power        Failure   Level  Hunger
a - Infusion              Chrm           #...         9%          1    ##.....


Dungeon Overview and Level Annotations

Branches:
Dungeon (1/15)

Altars:


Message History

You barely miss the hobgoblin.
The hobgoblin is moderately wounded.
The hobgoblin barely misses you.
You hit the hobgoblin but do no damage.
The hobgoblin is moderately wounded.
You closely miss the hobgoblin.
The hobgoblin is moderately wounded.
The hobgoblin hits you but does no damage.
You hit the hobgoblin.
The hobgoblin is heavily wounded.
The hobgoblin misses you.
You hit the hobgoblin.
You kill the hobgoblin!
The hobgoblin hits you with a club.
Things that are here:
a club; a hobgoblin corpse You hit the hobgoblin but do no damage.
The hobgoblin hits you with a club.
* * * LOW HITPOINT WARNING * * *
You completely miss the hobgoblin. The hobgoblin hits you with a club.
You die...

###### ### #....# ##### #.#
#....# #...# #.#
#....#############...# #.#
#....##..........'...# #.#
###....##...@g....##...###.##
#####.......#..####...##...'.....
.........(..#..####.#.##...###..#
............#..........(...# #..#
.###........##.#.#.....##+## #w.#
.# #....###.##.#.#.....# #..#
.###....# #.##.#.#.....# #..#
........# #.#....#...g.##....†..?
#.......###.#(........##.........


You could see a hobgoblin.

Vanquished Creatures
  A leopard gecko (D:1)
  A goblin (D:1)
  2 hobgoblins (D:1)
  2 kobolds (D:1)
  2 bats (D:1)
8 creatures vanquished.

Notes
Turn   | Place    | Note
-------+----------+-------------------------------------------
     0 | D:1      | Klosterheim the Merfolk Skald began the quest for the Orb.
     0 | D:1      | Reached XP level 1. HP: 16/16 MP: 3/3
   147 | D:1      | Reached XP level 2. HP: 22/22 MP: 5/5
   368 | D:1      | Slain by a hobgoblin

Vault maps used:
D:1:      denvon_arrival_hothouse

Action                   || total
-------------------------++-------
Melee: Spear             ||    51
Armor: Leather armour    ||    11
Dodge: Dodged            ||    39

Table legend:
 A = Spawn XP
 B = Non-spawn XP
 C = Spawn XP percentage of total XP
 D = Spawn monster count
 E = Non-spawn monster count
 F = Spawn count percentage of total count
 G = Total turns spent on level
                    A         B        C        D         E        F      G
               +---------+---------+-------+---------+---------+-------+---------
         Total |       0 |      16 |   0.0 |       0 |       8 |   0.0 |   368
               +---------+---------+-------+---------+---------+-------+---------
           D:1 |       0 |      16 |   0.0 |       0 |       8 |   0.0 |   368
               +---------+---------+-------+---------+---------+-------+---------
